 Dungeon Crawl Stone Soup version 0.30.1-11-g7821555f0a (webtiles) character file.

Game seed: 15142858538573267176

4147 cllo the Cleaver (level 10, -4/81 (90) HPs)
             Began as a Minotaur Fighter on Jan 3, 2024.
             Was an Elder of Cheibriados.
             Engulfed by a cloud of steam (7 damage)
             ... on level 8 of the Dungeon.
             The game lasted 00:19:56 (6867 turns).

cllo the Cleaver (Minotaur Fighter)                 Turns: 6867, Time: 00:19:57

HP:   -4/81 (90)    AC: 12    Str: 34    XL:     10   Next: 7%
MP:   9/9           EV: 13    Int: 14    God:    Cheibriados [****..]
Gold: 508           SH:  0    Dex: 19    Spells: 9/9 levels left

rFire   x . .        I - +5 woodcutter's axe
rCold   + . .        (shield currently unavailable)
rNeg    . . .        A - +0 acid dragon scales
rPois   .            (helmet restricted)
rElec   .            (no cloak)
rCorr   +            (no gloves)
SInv    .            (no boots)
Will    .....        q - amulet of regeneration
Stlth   ++           e - +4 ring of protection
HPRegen 1.13/turn    i - ring of ice
MPRegen 0.11/turn

%: no passive effects
@: studying Invocations, heavily drained, very slow
A: horns 2, retaliatory headbutt
a: Renounce Religion, Bend Time, Temporal Distortion, Slouch


You were on level 8 of the Dungeon.
You worshipped Cheibriados.
Cheibriados was greatly pleased with you.
You visited 1 branch of the dungeon, and saw 8 of its levels.

You collected 508 gold pieces.

Inventory:

Hand Weapons
 a - a +0 war axe
 E - a +1 halberd of pain
 I - the +5 woodcutter's axe (weapon)
   (You found it on level 7 of the Dungeon)
 L - a +5 hand axe
 M - a +1 dire flail of freezing
 N - a +2 mace
 Q - a +4 long sword
Armour
 b - a +0 scale mail
 c - a +0 buckler
 t - a +0 chain mail
 A - +0 acid dragon scales (worn)
 B - a +0 kite shield
 F - an orb of wrath
Jewellery
 e - a +4 ring of protection (left hand)
 i - a ring of ice (right hand)
 q - an amulet of regeneration (around neck)
 H - an amulet of regeneration
 J - an amulet of reflection
Wands
 n - a wand of digging (3)
 p - a wand of iceblast (12)
 u - a wand of mindburst (42)
 O - a wand of polymorph (13)
Scrolls
 g - 7 scrolls of identify {unknown}
 m - a scroll of blinking {unknown}
 r - a scroll of noise {unknown}
 s - 4 scrolls of teleportation {unknown}
 v - a scroll of amnesia {unknown}
 w - 5 scrolls of fear {unknown}
 y - a scroll of immolation {unknown}
 D - 2 scrolls of acquirement {unknown}
 G - 2 scrolls of poison {unknown}
 P - a scroll of brand weapon {unknown}
Potions
 d - a potion of might
 f - 2 potions of heal wounds {unknown}
 h - 3 potions of curing
 j - 2 potions of mutation {unknown}
 k - 2 potions of haste {unknown}
 l - 2 potions of experience {unknown}
 o - 4 potions of lignification {unknown}
 x - a potion of brilliance {unknown}
 z - a potion of magic {unknown}
 C - a potion of degeneration {unknown}
 K - a potion of cancellation {unknown}


   Skills:
 * Level 8.7 Fighting
 * Level 11.2 Axes
 * Level 9.2 Armour
 - Level 3.4 Dodging
 - Level 1.2 Stealth
 - Level 6.5 Shields


You had 9 spell levels left.
You didn't know any spells.
Your spell library contained the following spells:

 Spells                   Type           Power      Damage    Failure   Level
 Call Canine Familiar     Summ           0%         N/A       67%         3
 Portal Projectile        Hex/Tloc       0%         N/A       67%         3
 Tukima's Dance           Hex            0%         N/A       67%         3
 Leda's Liquefaction      Hex/Erth       0%         N/A       97%         4
 Blade Hands              Tmut           0%         N/A       100%        5


Dungeon Overview and Level Annotations

Branches:
Dungeon (8/15)             Temple (0/1) D:7
   Lair: D:8-11

Altars:
Cheibriados
Hepliaklqana

Shops:
D:8 [


Innate Abilities, Weirdness & Mutations

You have a pair of horns on your head.
You reflexively headbutt those who attack you in melee.


Message History

The wight hits you but does no damage.
The wight hits you with a +4 long sword!
* * * LOW HITPOINT WARNING * * *
You feel drained.
* * * LOW HITPOINT WARNING * * *
You closely miss the wight. You headbutt the wight!
The wight is severely damaged.
You slash the wight! The wight hits you with a +0 scimitar!
* * * LOW HITPOINT WARNING * * *
The wight closely misses you.
You slash the wight!
You destroy the wight!
Cheibriados appreciates the change of pace.
You completely miss the wight. The wight misses you.
You slice the wight!!
You destroy the wight!
Cheibriados appreciates the change of pace.
Things that are here:
a +4 long sword; a +0 robe
Q - a +4 long sword
w - 5 scrolls labelled REGISK MOROR (gained 1)
Items here: )) [[.
A steam dragon comes into view.
There is an open door here.
A steam dragon is nearby!
A steam dragon is nearby!
The steam dragon hisses angrily.
The steam dragon breathes steam at you. The ball of steam hits you!!
The steam scalds you terribly!
You slash the steam dragon!
The steam dragon is heavily wounded.
You are engulfed in a cloud of scalding steam.
The steam dragon breathes steam at you. The ball of steam hits you!!!
The steam scalds you terribly!
* * * LOW HITPOINT WARNING * * *
You slash the steam dragon!
You kill the steam dragon!
Cheibriados thoroughly appreciates the change of pace.
You are engulfed in a cloud of scalding steam.
You die...

####(.......'....#....#......#...
#........#....#....#......'...
#........#....#..[.#......#...
#........#....#....#......#...
####........######.##.#......#'##
...)..#'#####...##.###########.#.
......#...['......)......#.....#.
...........#.............#.....#.
.≈≈≈≈≈.....#...§@§§......#.......
####≈≈≈≈..########'#########..#..
.#.###≈≈≈.....[...........##..###
#..#.#≈≈≈≈..)))..........##....##
.....#≈≈≈≈..............##..##..#
####.#≈≈≈≈≈.............#..####..
≈≈≈#.######.............#..####..
≈≈≈#....................#.#~##~#.
≈≈≈#.######......)......#.######.


There were no monsters in sight!

Vanquished Creatures
  A two-headed ogre (D:8)
  4 steam dragons (D:8)
  3 water moccasins
  An acid dragon (D:6)
  A sky beast (D:6)
  2 black bears
  An ogre (D:5)
  2 phantoms
  Blork the orc (D:4)
  A bullfrog (D:8)
  3 scorpions
  13 wights (D:8)
  5 killer bees (D:8)
  2 howler monkeys (D:8)
  3 hounds
  A jelly (D:6)
  2 orc priests
  2 gnoll boudas
  Jessica (D:3)
  2 sleepcaps
  Ijyb (D:4)
  Natasha (thrice) (D:3)
  5 iguanas
  4 orc wizards
  13 gnolls
  12 adders
  3 white imps
  3 ufetubi
  2 worms
  2 dart slugs
  17 orcs
  4 ball pythons
  3 bats
  4 endoplasms
  5 giant cockroaches
  5 goblins
  5 hobgoblins
  2 jackals (D:1)
  4 kobolds
  3 quokkas
  3 frilled lizards
  3 rats (D:1)
157 creatures vanquished.

Notes
Turn   | Place    | Note
-------+----------+-------------------------------------------
     0 | D:1      | cllo the Minotaur Fighter began the quest for the Orb.
     0 | D:1      | Reached XP level 1. HP: 19/19 MP: 0/0
   229 | D:1      | Reached XP level 2. HP: 27/27 MP: 1/1
  1029 | D:2      | Found a faded altar of an unknown god.
  1092 | D:2      | Reached skill level 3 in Axes
  1092 | D:2      | Reached XP level 3. HP: 33/33 MP: 2/2
  1496 | D:3      | Reached XP level 4. HP: 32/40 MP: 3/3
  1649 | D:3      | Noticed Natasha
  1658 | D:3      | Killed Natasha
  1659 | D:3      | Reached skill level 4 in Axes
  1761 | D:3      | Reached XP level 5. HP: 46/46 MP: 4/4
  1805 | D:3      | Noticed Jessica
  1816 | D:3      | Killed Jessica
  1817 | D:3      | Reached skill level 1 in Dodging
  1899 | D:3      | Noticed Natasha
  1912 | D:3      | Killed Natasha
  2091 | D:3      | Noticed Natasha
  2103 | D:3      | Killed Natasha
  2104 | D:3      | Reached skill level 5 in Armour
  2209 | D:4      | Noticed Blork the orc
  2224 | D:4      | Killed Blork the orc
  2225 | D:4      | Reached XP level 6. HP: 24/53 MP: 5/5
  2420 | D:4      | Noticed Ijyb
  2430 | D:4      | Killed Ijyb
  2431 | D:4      | Reached skill level 5 in Axes
  2514 | D:4      | Found a snail-covered altar of Cheibriados.
  2544 | D:4      | Became a worshipper of Cheibriados the Contemplative
  2866 | D:4      | Reached skill level 5 in Fighting
  2889 | D:4      | Reached XP level 7. HP: 54/61 MP: 6/6
  2897 | D:4      | Reached * piety under Cheibriados
  3594 | D:5      | Entered Level 5 of the Dungeon
  3621 | D:5      | Reached skill level 6 in Axes
  4096 | D:5      | Reached skill level 7 in Axes
  4097 | D:5      | Reached skill level 5 in Shields
  4097 | D:5      | Reached XP level 8. HP: 62/68 MP: 7/7
  4448 | D:6      | Reached ** piety under Cheibriados
  4455 | D:6      | Reached skill level 8 in Axes
  5207 | D:7      | Found a staircase to the Ecumenical Temple.
  5364 | D:7      | Found a hazy altar of Hepliaklqana.
  5612 | D:7      | Reached skill level 9 in Axes
  5612 | D:7      | Reached XP level 9. HP: 78/78 MP: 8/8
  5619 | D:7      | Reached *** piety under Cheibriados
  5630 | D:7      | Found the +5 woodcutter's axe
  5829 | D:8      | Reached skill level 1 in Stealth
  6072 | D:8      | Found Assipattle's Dragon-Slaying Spoils.
  6207 | D:8      | Noticed a two-headed ogre
  6224 | D:8      | Killed a two-headed ogre
  6225 | D:8      | Reached skill level 10 in Axes
  6511 | D:8      | Reached skill level 11 in Axes
  6640 | D:8      | Reached XP level 10. HP: 14/90 MP: 9/9
  6761 | D:8      | Reached **** piety under Cheibriados
  6866 | D:8      | HP: 3/81 [steam dragon/ball of steam (39)]
  6867 | D:8      | Engulfed by a cloud of steam

Illustrated notes

Levels and vault maps discovered:
D:1:      ncdulo_watergridlock, layout_loops_corners,
          minmay_misc_feat_diagonals, kennysheep_small_spiral
D:2:      layout_basic, ebering_ecumenical_altar_sacrificial
D:3:      layout_loops_cross, uniq_jessica, uniq_natasha
D:4:      layout_basic, cheibrodos_worm_habitat, minmay_joined_circles,
          uniq_ijyb, uniq_blork_the_orc
D:5:      layout_basic
D:6:      layout_gridville, minmay_diced_spiral
D:7:      layout_basic, nzn_hepliaklqana_mist_gate,
          minmay_temple_entry_offerings
D:8:      layout_gridville, nicolae_shop_dragon_depot, grunt_decor_junction,
          grunt_tough_drop

Skill      XL: |  1  2  3  4  5  6  7  8  9 |
---------------+----------------------------+-----
Fighting       | 4 5 6 8 |  8.7
Armour         | 4 5 7 8 9 |  9.2
Shields        | 4 5 6 |  6.5
Axes           | 3 4 5 7 9 11 | 11.2
Dodging        | 1 2 3 |  3.4
Stealth        | 1 |  1.2

Action                     |  1- 3 |  4- 6 |  7- 9 | 10-12 || total
---------------------------+-------+-------+-------+-------++-------
  Melee: War axe           |    64 |    91 |   170 |       ||   325
         Headbutt          |    11 |    12 |    37 |     1 ||    61
         Battleaxe         |       |       |    49 |     9 ||    58
    Use: Potion            |       |       |     2 |       ||     2
 Armour: Scale mail        |    46 |    50 |     6 |       ||   102
         Chain mail        |       |       |    67 |       ||    67
         Acid dragon scale |       |       |    50 |     1 ||    51
  Dodge: Dodged            |    41 |    48 |   160 |     8 ||   257
  Block: Buckler           |    21 |    20 |    35 |       ||    76
         Kite shield       |       |       |    37 |       ||    37
         Other             |       |       |     7 |       ||     7
